 Dungeon Crawl Stone Soup version 0.30-a0-953-g5f1da4a474 (webtiles) character file.

Game seed: 14508915125008745490

181 PriceMaster the Chopper (level 5, -8/47 HPs)
             Began as a Hill Orc Fighter on Mar 28, 2023.
             Mangled by a gnoll
             ... wielding a +0 halberd
              (12 damage)
             ... on level 2 of the Dungeon.
             The game lasted 00:03:35 (1578 turns).

PriceMaster the Chopper (Hill Orc Fighter)          Turns: 1578, Time: 00:03:36

Health: -8/47      AC:  8    Str: 21    XL:     5   Next: 61%
Magic:  5/5        EV:  9    Int:  8    God:
Gold:   52         SH:  5    Dex: 13    Spells: 4/4 levels left

rFire   + . .      SeeInvis .    d - +8 dagger of Hawuahiq {pain, rElec Will+ Dex+3}
rCold   . . .      Faith    .    c - +0 buckler
rNeg    + . .      Spirit   .    b - +0 scale mail
rPois   +          Reflect  .    h - +0 helmet
rElec   +          Rampage  .    (no cloak)
rCorr   .                        (no gloves)
Will    ++...                    (no boots) Stlth
                                 q - amulet "Xutoott" {Fragile rPois rF+ Will+ Regen+}
HPRegen 1.07/turn                o - ring of positive energy
MPRegen 0.09/turn                (no ring)

@: no status effects
A: no striking features
a: no special abilities


You were on level 2 of the Dungeon.
You visited 1 branch of the dungeon, and saw 2 of its levels.

You collected 52 gold pieces.

Inventory:

Hand Weapons
 a - a +0 war axe
 d - the +8 dagger of Hawuahiq (weapon) {pain, rElec Will+ Dex+3}
   (You found it on level 2 of the Dungeon)

   Dex:       It affects your dexterity (+3).
   rElec:     It insulates you from electricity.
   Will:      It increases your willpower.
 w - a +2 rapier of venom
Armour
 b - a +0 scale mail (worn)
 c - a +0 buckler (worn)
 h - a +0 helmet (worn)
 v - a +0 ring mail
Jewellery
 o - a ring of positive energy (left hand)
 q - the amulet "Xutoott" (around neck) {Fragile rPois rF+ Will+ Regen+}
   (You found it on level 2 of the Dungeon)

   [amulet of regeneration]

   rF:        It protects you from fire.
   rPois:     It protects you from poison.
   Regen:     It increases your rate of health regeneration.
   Fragile:   It will be destroyed if unequipped.
   Will:      It increases your willpower.
Wands
 r - a wand of flame (19)
Scrolls
 j - 2 scrolls of teleportation
 u - a scroll of enchant armour {unknown}
Potions
 f - a potion of mutation {unknown}
 i - a potion of haste {unknown}
 k - 2 potions of lignification {unknown}
 n - 2 potions of curing {unknown}
 p - a potion of attraction {unknown}
 t - a potion of berserk rage {unknown}


   Skills:
 + Level 4.7 Fighting
 + Level 0.4 Short Blades
 + Level 5.2 Axes
 + Level 4.0 Armour
 + Level 0.9 Dodging
 + Level 0.1 Stealth
 + Level 3.6 Shields


You had 4 spell levels left.
You didn't know any spells.
Your spell library contained the following spells:

 Spells                   Type           Power      Damage    Failure   Level
 Necrotise                Necr           0%         1d4       83%         1
 Vampiric Draining        Necr           0%         2d6       99%         3
 Agony                    Necr           0%         N/A       100%        5


Dungeon Overview and Level Annotations

Branches:
Dungeon (2/15)

Altars:


Message History

You block the gnoll's attack. The gnoll hits you but does no damage.
The gnoll attacks as you move away! The gnoll hits you with a +0 club!
You hit the gnoll but do no damage. You block the gnoll's attack.
The gnoll hits you from afar with a +0 halberd.
You puncture the gnoll!
The gnoll is heavily wounded.
The gnoll barely misses you.
The gnoll hits you from afar with a +0 halberd.
* * * LOW HITPOINT WARNING * * *
You feel much better. The gnoll hits you but does no damage.
The gnoll closely misses you.
You hit the gnoll.
You kill the gnoll!
The gnoll barely misses you.
Your Armour skill increases to level 4!
The gnoll hits you but does no damage. The gnoll barely misses you.
You see here a +0 club.
You hit the gnoll.
The gnoll is lightly wounded.
The gnoll barely misses you. The gnoll hits you with a +0 halberd.
You hit the gnoll.
The gnoll is moderately wounded.
You block the gnoll's attack. The gnoll hits you with a +0 halberd.
You hit the gnoll.
The gnoll is severely wounded.
You block the gnoll's attack. x2
You hit the gnoll.
The gnoll is almost dead.
The gnoll hits you from afar with a +0 halberd!
The gnoll hits you with a +0 halberd.
You completely miss the gnoll.
The gnoll is almost dead.
The gnoll hits you from afar with a +0 halberd!
* * * LOW HITPOINT WARNING * * *
The gnoll hits you with a +0 halberd.
* * * LOW HITPOINT WARNING * * *
You hit the gnoll.
You kill the gnoll!
The gnoll hits you from afar with a +0 halberd!
You die...

#!#. ... ##.#. #>.. .)..
... ### ... ... ..# ###..
#.# #.# #.... #.# #.#
#..###.# #.######
#.gl@..######......##
.......###.....#........#
###!### #.....#†#.##....
# #.........##.#..
#.....#.##......
#.....#♣♣♣♣♣♣♣>.
######♣♣♣PP♣P♣♣.
♣P...PP.♣. ♣.8...P♣.


You could see a gnoll and a frilled lizard.

Vanquished Creatures
  Natasha (thrice) (D:2)
  A howler monkey skeleton (D:2)
  3 gnolls (D:2)
  2 adders (D:2)
  An adder skeleton (D:2)
  A worm (D:2)
  6 bats
  A bat skeleton (D:2)
  7 endoplasms
  2 giant cockroaches (D:2)
  2 goblins
  6 hobgoblins
  6 jackals
  A quokka (D:1)
  7 ball pythons
  2 frilled lizards
  A giant cockroach simulacrum (D:2)
  A kobold (D:2)
  2 quokka skeletons (D:2)
  3 rats
58 creatures vanquished.

Vanquished Creatures (others)
  10 withered plants (D:2)
10 creatures vanquished.

Grand Total: 68 creatures vanquished

Notes
Turn   | Place    | Note
-------+----------+-------------------------------------------
     0 | D:1      | PriceMaster the Hill Orc Fighter began the quest for the
                  | Orb.
     0 | D:1      | Reached XP level 1. HP: 19/19 MP: 1/1
   187 | D:1      | Reached XP level 2. HP: 26/27 MP: 2/2
   191 | D:1      | Reached skill level 3 in Axes
   519 | D:1      | Reached XP level 3. HP: 31/33 MP: 3/3
   912 | D:2      | Noticed Natasha
   919 | D:2      | Killed Natasha
   920 | D:2      | Reached skill level 4 in Axes
   920 | D:2      | Reached XP level 4. HP: 30/40 MP: 4/4
   959 | D:2      | Identified the +8 dagger of Hawuahiq {pain, rElec Will+
                  | Dex+3}
  1042 | D:2      | Noticed Natasha
  1051 | D:2      | Killed Natasha
  1206 | D:2      | Reached XP level 5. HP: 46/46 MP: 5/5
  1265 | D:2      | Identified the amulet "Xutoott" {Fragile rPois rF+ Will+
                  | Regen+}
  1299 | D:2      | Reached skill level 5 in Axes
  1363 | D:2      | Noticed Natasha
  1379 | D:2      | Killed Natasha
  1408 | D:2      | Found a faded altar of an unknown god.
  1578 | D:2      | Mangled by a gnoll

Illustrated notes

Levels and vault maps discovered:
D:1:      lemuel_arrival_cross, layout_loops_cross, minmay_pentomino_x4
D:2:      layout_loops_cross, hellmonk_ecumenical_altar_dog_temple,
          dilly_guarded_unrand_morg

Skill      XL: |  1  2  3  4  5 |
---------------+----------------+-----
Axes           | 3 4 5 |  5.2
Fighting       | 4 |  4.7
Armour         | 4 |  4.0
Short Blades   | |  0.4
Dodging        | |  0.9
Stealth        | |  0.1
Shields        | |  3.6

Action                     |  1- 3 |  4- 6 || total
---------------------------+-------+-------++-------
  Melee: War axe           |    77 |     4 ||    81
         Dagger            |       |    69 ||    69
    Use: Potion            |     1 |     1 ||     2
         Scroll            |       |     5 ||     5
 Armour: Scale mail        |    56 |    22 ||    78
  Dodge: Dodged            |    48 |    24 ||    72
  Block: Buckler           |    22 |    20 ||    42

Table legend: (Time is in decaauts)
 A = Elapsed time spent in this place.
 B = Non-inter-level travel time spent in this place.
 C = Inter-level travel time spent in this place.
 D = Time resting spent in this place.
 E = Time spent auto-exploring this place.
 F = Levels seen in this place.
 G = Mean time per level.
                   A        B        C        D        E       F      G
               +--------+--------+--------+--------+--------+-----+--------+
         Total |   1609 |   1577 |     32 |     30 |   1159 |   2 |  804.5 |
       Dungeon |   1609 |   1577 |     32 |     30 |   1159 |   2 |  804.5 |
               +--------+--------+--------+--------+--------+-----+--------+

Top non-repeatable levels by time:
     D:1: 884 daAuts
     D:2: 724 daAuts
